 Dungeon Sprint DCSS version 0.31-a0-920-g28cbb04a8c (webtiles) character file.

Game seed: 10551374303725215730

15 sircluck the Ruffian (level 2, -1/31 HPs)
             Began as a Troll Berserker on Oct 17, 2023.
             Was a Believer of Trog.
             Slain by an orc
             ... wielding a +2 mace of holy wrath
              (8 damage)
             ... in the Dungeon (Sprint VII: "The Pits").
             The game lasted 00:00:22 (98 turns).

sircluck the Ruffian (Troll Berserker)                Turns: 98, Time: 00:00:23

Health: -1/31      AC:  4    Str: 24    XL:     2   Next: 34%
Magic:  1/1        EV: 10    Int:  3    God:    Trog [**....]
Gold:   0          SH:  0    Dex:  9    Spells: 1/1 levels left

rFire   . .          .
                       - Unarmed
rCold   . . .        (no shield)
rNeg    . . .        a - +0 animal skin
rPois   .            (helmet restricted)
rElec   .            (no cloak)
rCorr   .            (gloves unavailable)
SInv    .            (boots unavailable)
Will    .....        (no amulet)
Stlth   +            (no ring)
HPRegen 1.05/turn    (no ring)
MPRegen 0.07/turn

%: no teleportation
@: lethally poisoned (-1 -> -2)
A: large, unfitting armour, claws 3, regeneration 1, shaggy fur 1, tough skin 1
a: Renounce Religion, Berserk, Trog's Hand


You were in the Dungeon.
You worshipped Trog.
Trog was pleased with you.
You visited 1 branch

Inventory:

Armour
 a - a +0 animal skin (worn)
Scrolls
 g - a scroll of blinking
 i - 2 scrolls of vulnerability
 j - a scroll of butterflies
Potions
 b - a potion of curing
 c - a potion of heal wounds
 d - a potion of haste
 e - 4 potions of magic
 f - 3 potions of berserk rage
 h - 2 potions of invisibility


   Skills:
 + Level 3.3 Fighting
 + Level 3.3 Dodging
 + Level 4.1 Unarmed Combat


You had one spell level left.
You didn't know any spells.
Your spell library was empty.

Dungeon Overview and Level Annotations

Branches:
Dungeon (1/1)

Altars:
Ashenzari
Cheibriados
Dithmenos
Elyvilon
Fedhas
Gozag
Hepliaklqana
Kikubaaqudgha
Makhleb
Nemelex Xobeh
Okawaru
Qazlal
Ru
Sif Muna
Trog
Uskayaw
Vehumet
Wu Jian
Xom
Yredelemnul
Zin
The Shining One
Jiyva
Lugonu


Innate Abilities, Weirdness & Mutations

You are too large for most types of armour.
You have claws for hands.
Your natural rate of healing is unusually fast.
You are covered in fur. (AC +1)
You have tough skin. (AC +1)


Message History

The adder poisons you!
You barely miss the adder.
The adder is lightly wounded.
You feel very sick. The goblin closely misses you.
The goblin barely misses you. The adder bites you but does no damage.
You closely miss the adder.
The adder is lightly wounded.
You feel sick. The goblin closely misses you. The goblin barely misses you.
The adder barely misses you.
You barely miss the adder.
The adder is lightly wounded.
You feel sick. The goblin hits you with a +0 dagger.
The adder bites you but does no damage. The goblin hits you with a +0 club.
You are too injured to fight recklessly!
You are too injured to fight recklessly!
You are too injured to fight recklessly!
You are too injured to fight recklessly!
You are too injured to fight recklessly!
You are too injured to fight recklessly!
You are too injured to fight recklessly!
You are too injured to fight recklessly!
You are too injured to fight recklessly!
You feel sick. The adder attacks as it pursues you! The adder bites you.
You claw the adder!
The adder is almost dead.
You feel sick. The adder bites you but does no damage. The adder bites you.
* * * LOW HITPOINT WARNING * * *
You claw the adder!
You kill the adder!
Trog accepts your kill.
You feel sick.
Your Unarmed Combat skill increases to level 4!
You have reached level 2!
You closely miss the orc.
The orc hits you with a +2 mace of holy wrath.
* * * LOW HITPOINT WARNING * * *
You closely miss the orc.
You feel sick.
The orc hits you with a +2 mace of holy wrath!
You die...

#.?..')))'.##......#..#
##########.##..........
#...........'..........
#+#####)#####......#..#
#.....# #..........
#.....# ####'#####+
###'### #.......#
#.....# #.......#
#...@.# #.......#
####o## #...<...#
#..gg....##.......#
#........##.......#
###########.......#
#########


You could see an orc and 2 goblins.

Vanquished Creatures
  An adder (D)
  A goblin (D)
  A hobgoblin (D)
  2 quokkas (D)
  A ball python (D)
6 creatures vanquished.

Notes
Turn   | Place    | Note
-------+----------+-------------------------------------------
     0 | D        | sircluck the Troll Berserker began the quest for the Orb.
     0 | D        | Reached XP level 1. HP: 22/22 MP: 0/0
    21 | D        | Found a bloodstained altar of Trog.
    21 | D        | Found a shimmering blue altar of Sif Muna.
    21 | D        | Found a viscous altar of Jiyva.
    21 | D        | Found a hazy altar of Hepliaklqana.
    21 | D        | Found an opulent altar of Gozag.
    22 | D        | Found a glowing golden altar of the Shining One.
    22 | D        | Found a glowing silver altar of Zin.
    22 | D        | Found a basalt altar of Yredelemnul.
    22 | D        | Found a shimmering altar of Xom.
    22 | D        | Found an ornate altar of the Wu Jian Council.
    22 | D        | Found a sacrificial altar of Ru.
    22 | D        | Found a stormy altar of Qazlal.
    22 | D        | Found an iron altar of Okawaru.
    22 | D        | Found a sparkling altar of Nemelex Xobeh.
    22 | D        | Found a burning altar of Makhleb.
    22 | D        | Found a blossoming altar of Fedhas.
    22 | D        | Found a white marble altar of Elyvilon.
    22 | D        | Found a shadowy altar of Dithmenos.
    22 | D        | Found a snail-covered altar of Cheibriados.
    24 | D        | Found a radiant altar of Vehumet.
    24 | D        | Found a corrupted altar of Lugonu.
    25 | D        | Found a hide-covered altar of Uskayaw.
    25 | D        | Found an ancient bone altar of Kikubaaqudgha.
    25 | D        | Found a broken altar of Ashenzari.
    70 | D        | Reached ** piety under Trog
    97 | D        | Reached skill level 4 in Unarmed Combat
    97 | D        | Reached XP level 2. HP: 8/31 MP: 1/1
    98 | D        | Slain by an orc

Illustrated notes

Levels and vault maps discovered:
D:        pitsprint [storerooms_1, entrance_room_1, metal_vault_6, armoury_3,
          mini_pit_1, grid_room_1, main_hall_1, silver_pit, the_coven_3,
          the_vestibule_1, steel_vault_4, golden_pit, hallway_of_sentries,
          crystal_vault_2, iron_vault_4, final_vault]

Skill      XL: |  1 |
---------------+----+-----
Fighting       | 3 |  3.3
Dodging        | 3 |  3.3
Unarmed Combat | 4 |  4.1

Action                     || total
---------------------------++-------
  Melee: Unarmed           ||    20
  Throw: Stone             ||    10
 Armour: Animal skin       ||    21
  Dodge: Dodged            ||    14

Table legend: (Time is in decaauts)
 A = Elapsed time spent in this place.
 B = Non-inter-level travel time spent in this place.
 C = Inter-level travel time spent in this place.
 D = Time resting spent in this place.
 E = Time spent auto-exploring this place.
 F = Levels seen in this place.
 G = Mean time per level.
                   A        B        C        D        E       F      G
               +--------+--------+--------+--------+--------+-----+--------+
         Total |     97 |     97 |      0 |      0 |     30 |   1 |   97.0 |
       Dungeon |     97 |     97 |      0 |      0 |     30 |   1 |   97.0 |
               +--------+--------+--------+--------+--------+-----+--------+

Top non-repeatable levels by time:
       D: 97 daAuts
